 Dungeon Crawl Stone Soup version 0.20-a0-1116-gaa52201 (webtiles) character file.

35 Monsterracer the Digger (level 3, 0/19 HPs)
             Began as a Gargoyle Earth Elementalist on May 8, 2017.
             Slain by Lochraine's ghost (7 damage)
             ... on level 3 of the Dungeon.
             The game lasted 00:05:35 (1624 turns).

Monsterracer the Digger (GrEE)                      Turns: 1624, Time: 00:05:35

Health: 0/19       AC:  9    Str: 15    XL:     3   Next: 33%
Magic:  1/6        EV: 12    Int: 16    God:
Gold:   106        SH:  0    Dex: 10    Spells: 1/7 levels left

rFire    + . .     SeeInvis .   s - +0 quarterstaff
rCold    . . .     Gourm    .   (shield currently unavailable)
rNeg     + . .     Faith    .   c - +0 robe
rPois    ∞         Spirit   .   (no helmet)
rElec    +         Reflect  .   p - +2 cloak
rCorr    .         Harm     .   n - +0 pair of gloves
MR       .....                  (no boots)
Stlth    ++........             (no amulet)
Regen    0.1/turn               m - +4 ring of strength
MPRegen  0.1/turn               f - ring of protection from fire

@: very slightly contaminated
A: negative energy resistance 1, electricity resistance, unbreathing,
petrification resistance, rot immunity, AC +3
a: no special abilities


You were on level 3 of the Dungeon.
You were hungry.

You visited 1 branch of the dungeon, and saw 3 of its levels.

You collected 106 gold pieces.

Inventory:

Hand Weapons
 g - a +0 hand axe of draining
 s - a +0 quarterstaff (weapon)
Missiles
 b - 58 stones (quivered)
Armour
 c - a +0 robe (worn)
 n - a +0 pair of gloves (worn)
 p - a +2 cloak (worn)
Jewellery
 f - a ring of protection from fire (right hand)
 i - an uncursed ring of see invisible
 m - a +4 ring of strength (left hand)
 o - an uncursed ring of fire
Scrolls
 a - 2 scrolls of identify {unknown}
 l - a scroll of random uselessness {unknown}
 q - a scroll of immolation {unknown}
 t - a scroll of noise {unknown}
Books
 e - a book of Geomancy

   Spells                             Type                      Level
   a - Sandblast                      Earth                        1
   b - Passwall                       Transmutation/Earth          2
   c - Stone Arrow                    Conjuration/Earth            3
   d - Petrify                        Transmutation/Earth          4
   e - Lee's Rapid Deconstruction     Earth                        5
Comestibles
 d - 2 bread rations
 h - 2 royal jellies
 j - a meat ration
 r - 16 fruits


   Skills:
 - Level 1.5 Dodging
 - Level 2.1 Stealth
 + Level 2.5 Spellcasting
 + Level 0.7 Conjurations
 - Level 0.7 Transmutations
 * Level 4.5 Earth Magic


You had one spell level left.
You knew the following spells:

 Your Spells              Type           Power        Failure   Level  Hunger
a - Sandblast             Erth           ###...       3%          1    #......
b - Passwall              Tmut/Erth      ##........   10%         2    ##.....
c - Stone Arrow           Conj/Erth      ##....       21%         3    ###....


Dungeon Overview and Level Annotations

Branches:
Dungeon (3/15)

Altars:
Elyvilon
Gozag
Okawaru

Annotations:
D:3 Lochraine's ghost, amateur NaVM


Innate Abilities, Weirdness & Mutations

You are resistant to torment.
Your stone body is resilient. (AC +3)
You are immune to poison.
You resist negative energy. (rN+)
You are resistant to electric shocks. (rElec)
You can survive without breathing.
You are immune to petrification.
You are immune to rotting.


Message History

Lochraine's ghost gestures at you while chanting.
The sting hits you! You resist.
Lochraine's ghost points at you and mumbles some strange words.
The sting hits you! You resist.
You barely miss Lochraine's ghost.
Lochraine's ghost is heavily damaged.
Lochraine's ghost gestures at you while chanting.
The sting hits you! You resist.
You hit Lochraine's ghost but do no damage.
Lochraine's ghost is heavily damaged.
Lochraine's ghost gestures at you while chanting.
The sting hits you! You resist.
You barely miss Lochraine's ghost.
Lochraine's ghost is heavily damaged.
Lochraine's ghost hits you. x2
You hit Lochraine's ghost.
Lochraine's ghost is heavily damaged.
Lochraine's ghost hits you. Lochraine's ghost hits you!
You die...

###########..W...W.#
#.........#...####.#
#.........#...# #.#
#.........#...# #.#
#.........#...# #.#
#.........#...# #.###
#.........#...# #....
#.........############
#....@W...# #.....##.
#.......(.# #.###.##.
#.........# #.##.....
#.<.>.....####.##.W###
#########....#........
####.#........
#.###..####
#..........
####.#.####


You could see Lochraine's ghost.

Vanquished Creatures
  A worm (D:2)
  A dart slug (D:2)
  2 leopard geckos (D:2)
  5 goblins
  4 hobgoblins
  A quokka (D:2)
  3 bats
  2 frilled lizards (D:1)
  2 kobolds
  7 rats
28 creatures vanquished.

Vanquished Creatures (others)
  A rat (D:3)
1 creature vanquished.

Grand Total: 29 creatures vanquished

Notes
Turn   | Place    | Note
-------+----------+-------------------------------------------
     0 | D:1      | Monsterracer the Gargoyle Earth Elementalist began the quest for the Orb.
     0 | D:1      | Reached XP level 1. HP: 10/10 MP: 3/3
   218 | D:1      | Reached skill level 4 in Earth Magic
   218 | D:1      | Reached XP level 2. HP: 12/15 MP: 5/5
   242 | D:1      | Learned a level 2 spell: Passwall
  1015 | D:2      | Found a white marble altar of Elyvilon.
  1094 | D:2      | Reached XP level 3. HP: 19/19 MP: 3/6
  1099 | D:2      | Learned a level 3 spell: Stone Arrow
  1208 | D:2      | Found an iron altar of Okawaru.
  1208 | D:2      | Found an opulent altar of Gozag.
  1542 | D:3      | Noticed Lochraine's ghost (amateur NaVM)
  1624 | D:3      | Slain by Lochraine's ghost

Vault maps used:
D:1:      co_arrival_random_square_maze, hangedman_decor_diamond_cutter
D:2:      lemuel_crystal_altar, gammafunk_temple_overflow_wave, dk_vineyard_3,
          minmay_heptomino_d4
D:3:      grunt_temple_overflow_holy_war, first_bread, cheibriados_altar_1

Skill      XL: |  1 |
---------------+----+-----
Earth Magic    | 4 |  4.5
Dodging        | |  1.5
Stealth        | |  2.1
Spellcasting   | |  2.5
Conjurations   | |  0.7
Transmutations | |  0.7

Action                   || total
-------------------------++-------
Melee: Spear             ||    45
       Dagger            ||     5
       Quarterstaff      ||    30
 Cast: Sandblast         ||    15
       Stone Arrow       ||     2
  Use: Potion            ||     4
 Stab: Sleeping          ||     2
  Eat: Chunk             ||     2
Armor: Robe              ||    33
Dodge: Dodged            ||    47
